 Dungeon Crawl Stone Soup version 0.24-a0-170-gd8427f5 (webtiles) character file.

Game seed: 5355852293072787692

248 tilp the Conjurer (level 5, -1/38 HPs)
             Began as a Draconian Conjurer on Mar 9, 2019.
             Was an Initiate of Ru.
             Shot with an arrow by a centaur (4 damage)
             ... on level 3 of the Dungeon.
             The game lasted 00:08:39 (2944 turns).

tilp the Conjurer (Draconian Conjurer)              Turns: 2944, Time: 00:08:40

Health: -1/38      AC:  5    Str: 10    XL:     5   Next: 86%
Magic:  0/8        EV: 12    Int: 16    God:    Ru [......]
Gold:   124        SH:  0    Dex: 12    Spells: 5/8 levels left

rFire    + . .     SeeInvis .   s - +4 short sword
rCold    + . .     Gourm    .   (no shield)
rNeg     . . .     Faith    .   (armour unavailable)
rPois    .         Spirit   .   (helmet restricted)
rElec    .         Reflect  .   l - scarf {rC+ rF+}
rCorr    .         Harm     .   (no gloves)
MR       .....                  (no boots)
Stlth    ++........             (no amulet)
HPRegen  0.12/turn              (no ring)
MPRegen  0.11/turn              (no ring)

@: no status effects
A: unfitting armour, cold-blooded, AC +5
a: Renounce Religion


You were on level 3 of the Dungeon.
You worshipped Ru.
Ru was noncommittal.
You were hungry.

You visited 1 branch of the dungeon, and saw 3 of its levels.

You collected 124 gold pieces.

Inventory:

Hand Weapons
 s - a +4 short sword (weapon)
Missiles
 f - 73 stones
 n - 2 silver javelins (quivered)
Armour
 l - a scarf of resistance (worn)
Scrolls
 a - 2 scrolls of remove curse {unknown}
 c - a scroll of amnesia {unknown}
 d - 2 scrolls of identify {unknown}
 e - a scroll of random uselessness {unknown}
 i - 2 scrolls of enchant armour {unknown}
Potions
 g - a potion of berserk rage {unknown}
 h - 2 potions of might {unknown}
 k - 3 potions of degeneration {unknown}
 m - 2 potions of haste {unknown}
 o - 2 potions of lignification {unknown}
 p - a potion of heal wounds {unknown}
 r - 2 potions of curing {unknown}
Comestibles
 b - 3 rations
 j - 6 chunks of flesh


   Skills:
 - Level 1.7 Dodging
 - Level 1.7 Stealth
 - Level 2.0 Spellcasting
 + Level 7.2 Conjurations


You had 5 spell levels left.
You knew the following spells:

 Your Spells              Type           Power        Failure   Level  Hunger
a - Magic Dart            Conj           ###.         1%          1    #......
b - Searing Ray           Conj           ###...       1%          2    ###....

Your spell library contained the following spells:

 Spells                   Type           Power        Failure   Level  Hunger
 Iskenderun's Mystic Bla  Conj           ###.....     11%         4    #####..
 Dazzling Spray           Conj/Hex       ##....       14%         3    ###....
 Animate Skeleton         Necr           N/A          21%         1    #......
 Apportation              Tloc           #.....       21%         1    #......
 Confusing Touch          Hex            #.....       21%         1    #......
 Summon Small Mammal      Summ           #...         21%         1    #......
 Force Lance              Conj/Tloc      ##......     43%         4    #####..
 Fulminant Prism          Conj/Hex       ##........   43%         4    #####..


Dungeon Overview and Level Annotations

Branches:
Dungeon (3/15)

Altars:
Ashenzari
Dithmenos
Elyvilon
Ru
Wu Jian
Yredelemnul
The Shining One


Innate Abilities, Weirdness & Mutations

Your plain brown scales are hard. (AC +5)
You cannot fit into any form of body armour.
You are cold-blooded and may be slowed by cold attacks.


Message History

The centaur shoots an arrow.
The arrow hits you!
Casting: Magic Dart (safe; 1% risk of failure)
Confirm with . or Enter, or press ? or * to list all spells.
Aiming: Magic Dart (safe; 1% risk of failure)
Press: ? - help, Shift-Dir - straight line, f/p - centaur
Aim: a centaur, wielding a +0 shortbow (moderately wounded)
The magic dart hits the centaur but does no damage.
The centaur is moderately wounded.
The centaur shoots an arrow.
The arrow hits you!
* * * LOW HITPOINT WARNING * * *
The centaur shoots an arrow.
The arrow misses you.
Casting: Magic Dart (safe; 1% risk of failure)
Confirm with . or Enter, or press ? or * to list all spells.
Aiming: Magic Dart (safe; 1% risk of failure)
Press: ? - help, Shift-Dir - straight line, f/p - centaur
Aim: a centaur, wielding a +0 shortbow (moderately wounded)
The magic dart hits the centaur.
The centaur is heavily wounded.
The centaur shoots an arrow.
The arrow hits you.
You die...

#################
................#
#c#############.#
#.# #.# #.# #.#
#.# #.## #.# #...
#.# #... #@# #...
#(# #... #.#
##########...
#รท#
#.......##... #.#
#.......###.. #.#
#.......##### #.#
#.......'.... #.#
#.......##### #.#
#.......#


You could see a centaur.

Vanquished Creatures
  A phantom (D:2)
  A gnoll (D:1)
  9 adders
  A worm (D:3)
  A dart slug (D:2)
  3 leopard geckos
  7 bats
  6 giant cockroaches
  8 goblins
  8 hobgoblins
  4 kobolds
  2 quokkas
  A ball python (D:3)
  7 frilled lizards
  3 rats
62 creatures vanquished.

Notes
Turn   | Place    | Note
-------+----------+-------------------------------------------
     0 | D:1      | tilp the Draconian Conjurer began the quest for the Orb.
     0 | D:1      | Reached XP level 1. HP: 14/14 MP: 3/3
   117 | D:1      | Reached XP level 2. HP: 8/20 MP: 0/5
   465 | D:1      | Learned a level 2 spell: Searing Ray
  1068 | D:2      | Found a basalt altar of Yredelemnul.
  1070 | D:2      | Reached skill level 5 in Conjurations
  1070 | D:2      | Reached XP level 3. HP: 26/26 MP: 3/6
  1071 | D:2      | Found a sacrificial altar of Ru.
  1077 | D:2      | Found a glowing golden altar of the Shining One.
  1077 | D:2      | Found an ornate altar of the Wu Jian Council.
  1118 | D:2      | Found a white marble altar of Elyvilon.
  1118 | D:2      | Found a shadowy altar of Dithmenos.
  1173 | D:2      | Became a worshipper of Ru the Awakened
  1285 | D:2      | Noticed a phantom
  1440 | D:2      | Killed a phantom
  1440 | D:2      | Reached skill level 6 in Conjurations
  1440 | D:2      | Reached XP level 4. HP: 15/33 MP: 1/7
  1440 | D:2      | Reached XP level 5. HP: 17/38 MP: 1/8
  2173 | D:2      | Found a shattered altar of Ashenzari.
  2508 | D:3      | Reached skill level 7 in Conjurations
  2658 | D:3      | Noticed a centaur
  2944 | D:3      | Shot with an arrow by a centaur

Levels and vault maps discovered:
D:1:      psy_arrival_conway, layout_loops_ring, minmay_tromino_v2
D:2:      layout_basic, grunt_temple_overflow_open, overflow_temple_1_default,
          first_ration
D:3:      layout_basic

Skill      XL: |  1  2  3  4  5 |
---------------+----------------+-----
Conjurations   | 5 6 7 |  7.2
Dodging        | |  1.7
Stealth        | |  1.7
Spellcasting   | |  2.0

Action                   |  1- 3 |  4- 6 || total
-------------------------+-------+-------++-------
Melee: Dagger            |     6 |       ||     6
       Tailslap          |     6 |     1 ||     7
       Mace              |    18 |     3 ||    21
       Short sword       |       |     5 ||     5
Throw: Stone             |    25 |       ||    25
 Cast: Magic Dart        |    46 |    85 ||   131
       Searing Ray       |     1 |     1 ||     2
Invok: Reject Sacrifices |       |     1 ||     1
 Stab: Sleeping          |       |     1 ||     1
  Eat: Chunk             |     2 |     6 ||     8
Armor: Skin              |     6 |     6 ||    12
Dodge: Dodged            |    22 |    12 ||    34

Table legend:
 A = Non-vault XP
 B = Vault XP
 C = Vault XP percentage of total XP
 D = Non-vault monster count
 E = Vault monster count
 F = Vault count percentage of total count
                 A         B        C        D         E       F
            +---------+---------+-------+---------+---------+-------
      Total |     352 |       3 |   0.8 |      60 |       2 |   3.2
            +---------+---------+-------+---------+---------+-------
        D:1 |      33 |       3 |   8.3 |      11 |       2 |  15.4
        D:2 |     220 |       0 |   0.0 |      27 |       0 |   0.0
        D:3 |      99 |       0 |   0.0 |      22 |       0 |   0.0
            +---------+---------+-------+---------+---------+-------
